[Event "FIDE WSTC-50-65 2022"]
[Site "Acqui Terme"]
[Date "2022.06.26"]
[Round "6.4"]
[White "Bellia, Fabrizio"]
[Black "Emms, John M"]
[Result "1/2-1/2"]
[ECO "C54"]
[WhiteElo "2418"]
[BlackElo "2478"]
[Annotator "TA"]
[PlyCount "76"]
[EventDate "2022.06.20"]
[EventType "team-tourn"]
[EventCountry "ITA"]
[SourceTitle "playchess.com"]
[Source "ChessBase"]
[SourceQuality "1"]
[TimeControl "40/5400+30:1800+30"]

1. e4 e5 2. Nf3 Nc6 3. Bc4 Bc5 4. c3 Nf6 5. d3 d6 6. O-O a6 7. Bb3 h6 8. Nbd2 O-O 9. h3 Be6 10. Re1 Bxb3 {[%emt 0:06:30] The position is equal. C54: Giuoco Piano: 4 c3 Nf6, main lines with 5 d4 and 5 d3.} 11. Qxb3 Re8 12. Nf1 ({Don't go for} 12. Qxb7 $2 Na5 13. Qxa8 Qxa8 $19) 12... Qd7 13. Ng3 d5 {[%emt 0:17:30] [#]} 14. a4 $146 ({Predecessor:} 14. exd5 Nxd5 15. Ne4 Bf8 16. Bd2 b5 17. a4 b4 18. a5 Rab8 19. Qc4 Rb5 20. Ng3 bxc3 21. bxc3 {0-1 (33) Amin,B (2709)-Swiercz,D (2655) Astana 2019}) 14... b6 15. Bd2 Rad8 16. Rad1 Qe6 17. Bc1 dxe4 18. Qxe6 Rxe6 19. dxe4 a5 20. Rxd8+ Nxd8 21. Nd2 Nb7 22. Nc4 Nd6 23. Nxd6 Rxd6 24. Kf1 Rd7 25. f3 h5 26. h4 g6 27. Ke2 Ne8 28. Nf1 f6 29. Ne3 Kf7 30. Nc4 Nd6 31. Nxd6+ Rxd6 32. Be3 Bxe3 33. Kxe3 $11 {[%emt 0:00:24][%mdl 4096] Endgame KR-KR} Ke6 34. g4 Rc6 35. Kd3 Rd6+ 36. Ke3 Rc6 37. Kd3 Rd6+ 38. Ke3 Rc6 {[%emt 0:01:09] A balanced but interesting game.  Weighted Error Value: White=0.03 (flawless) /Black=0.02 (flawless)} 1/2-1/2

[Event "FIDE WSTC-50-65 2022"]
[Site "Acqui Terme"]
[Date "2022.06.26"]
[Round "6.5"]
[White "Hjartarson, Johann"]
[Black "Kaidanov, Gregory"]
[Result "1/2-1/2"]
[ECO "C48"]
[WhiteElo "2472"]
[BlackElo "2556"]
[Annotator "TA"]
[PlyCount "53"]
[EventDate "2022.06.20"]
[EventType "team-tourn"]
[EventCountry "ITA"]
[SourceTitle "playchess.com"]
[Source "ChessBase"]
[SourceQuality "1"]
[TimeControl "40/5400+30:1800+30"]

1. e4 e5 2. Nf3 Nc6 3. Nc3 Nf6 4. Bb5 Bc5 5. d3 d6 6. Be3 {[%emt 0:04:30] C48: Four Knights: 4 Bb5, replies other than 4...Bb4.} Bb6 7. h3 h6 8. Bxc6+ bxc6 9. O-O O-O 10. Re1 Re8 11. a3 {[%emt 0:02:30] [#]} Nd7 $146 ({Predecessor:} 11... d5 12. Bxb6 dxe4 13. Bxc7 Qxc7 14. Nxe4 Nd5 15. c4 Nf4 16. d4 f5 17. Nc3 e4 {0-1 (27) Coiffard,M-Sogliuzzo,P Montlucon 1997}) 12. d4 exd4 13. Nxd4 Ne5 14. Qe2 Qh4 15. Nf3 Nxf3+ 16. Qxf3 Re6 17. Kh2 Bd7 18. Qg3 Qe7 19. Rad1 Re8 20. Rd3 Bc8 (20... f5 $5 ) 21. Bxb6 axb6 22. Rde3 Bb7 23. a4 Rg6 24. Qf4 Rf6 25. Qg3 {[%emt 0:00:00][%cal Oc3d5] [#] Strongly threatening Nd5!} Rg6 26. Qf4 Rf6 27. Qg3 {[%emt 0:00:30] Weighted Error Value: White=0.04 (flawless) /Black=0.06 (flawless)} 1/2-1/2

[Event "FIDE WSTC-50-65 2022"]
[Site "Acqui Terme"]
[Date "2022.06.26"]
[Round "6.6"]
[White "Shabalov, Alexander"]
[Black "Petursson, Margeir"]
[Result "1/2-1/2"]
[ECO "B36"]
[WhiteElo "2504"]
[BlackElo "2450"]
[Annotator "TA"]
[PlyCount "63"]
[EventDate "2022.06.20"]
[EventType "team-tourn"]
[EventCountry "ITA"]
[SourceTitle "playchess.com"]
[Source "ChessBase"]
[SourceQuality "1"]
[TimeControl "40/5400+30:1800+30"]

1. e4 c5 2. Nf3 g6 3. d4 cxd4 4. Nxd4 Nc6 5. c4 Nf6 6. Nc3 Nxd4 7. Qxd4 d6 8. Be3 Bg7 9. f3 O-O 10. Qd2 a5 {[%emt 0:02:30] B36: Sicilian: Maroczy Bind: Gurgenidze System.} 11. Rc1 a4 12. Be2 Qa5 13. Kf2 Bd7 {[%emt 0:34:30] [#]} (13... Be6 $11) 14. g4 $5 $146 {[%emt 0:02:30][%mdl 8] An interesting novelty.} ({Predecessor:} 14. Rhd1 Rfd8 15. Kg1 Be6 16. Nd5 Qxd2 17. Rxd2 Nxd5 18. cxd5 Bd7 19. Rc7 b5 20. Rdc2 {½-½ (43) Sjugirov,S (2654)-Gordievsky,D (2615) Sochi 2018}) 14... Bc6 15. Nd5 e6 16. Ne7+ Kh8 17. Qxa5 Rxa5 {[%emt 0:00:00] [#]} 18. Rhd1 $1 Ne8 19. c5 d5 20. exd5 {[%emt 0:10:30] 0x0.00207bd0d5d2dp-1022s more active pieces. The black rooks are badly placed.} exd5 21. Nxd5 (21. Nxc6 bxc6 22. Rc2 Nc7 $15) 21... Bxb2 22. Rb1 (22. Rc4 $16) 22... Bg7 $2 (22... Ba3 $14) 23. Rb6 f5 (23... Bxd5 $142 24. Rxd5 Nc7) 24. gxf5 $18 gxf5 (24... Rxf5 $2 25. Ne7 Rf8 26. Nxc6 bxc6 27. Rd8) 25. Ne7 f4 {[%emt 0:06:43] [#]} 26. Bc1 (26. Bd4 Bxd4+ 27. Rxd4 Rxc5 $16) 26... Rxc5 27. Nxc6 Rf6 28. Rd8 $2 ({Don't take} 28. Rxb7 $6 Rfxc6 29. Rb8 Rc8 30. Rxc8 (30. Bxf4 Rxb8 31. Bxb8 Bf6 $18) 30... Rxc8 31. Bxf4 Nf6 $18) (28. Ba3 $18 Rc3 29. Rd8 (29. Rxb7 Rxa3 30. Rb8 Rf8 $16) 29... Rxa3 30. Rxe8+ Rf8 31. Rxf8+ Bxf8 32. Rxb7) 28... Rxc1 $11 {[%emt 0:02:47][%mdl 64] Pin. The position is equal.} 29. Rxe8+ Rf8 $1 30. Rxf8+ Bxf8 31. Rxb7 {[%emt 0:00:16] Strongly threatening Ne7.} Rxc6 32. Bd3 {Inhibits Rc2+.  Weighted Error Value: White=0.27 (precise) /Black=0.34} 1/2-1/2

[Event "FIDE WSTC-50-65 2022"]
[Site "Acqui Terme"]
[Date "2022.06.26"]
[Round "6.7"]
[White "Arnason, Jon L"]
[Black "Novikov, Igor"]
[Result "1/2-1/2"]
[ECO "B80"]
[WhiteElo "2412"]
[BlackElo "2551"]
[Annotator "TA"]
[PlyCount "66"]
[EventDate "2022.06.20"]
[EventType "team-tourn"]
[EventCountry "ITA"]
[SourceTitle "playchess.com"]
[Source "ChessBase"]
[SourceQuality "1"]
[TimeControl "40/5400+30:1800+30"]

1. e4 {[%emt 0:01:00] Ftacnik,L} c5 2. Nf3 d6 3. d4 cxd4 4. Nxd4 Nf6 5. Nc3 a6 6. Be3 e6 7. f3 b5 8. Qd2 Nbd7 9. g4 h6 10. h4 b4 {[%emt 0:02:30] B80: Sicilian Scheveningen: 6 g3 and 6 Be3, including English Attack.} 11. Na4 d5 12. Bh3 dxe4 {[%emt 0:12:30] Black is slightly better.} 13. g5 hxg5 (13... Nd5 $5 14. g6 Ne5 15. gxf7+ Kxf7 16. fxe4 Qxh4+ 17. Qf2+ Qxf2+ 18. Bxf2 Nf4 $11) 14. hxg5 Nd5 {[%emt 0:01:30] Threatens to win with ...Ne5.} 15. g6 $1 {[%emt 0:12:30] And now gxf7+ would win.} Ne5 (15... fxg6 16. O-O-O Ne5 17. fxe4 Nxe3 18. Qxe3 $18) 16. gxf7+ Kxf7 {[%emt 0:02:30] [#]} 17. Bg5 $146 {[%emt 0:05:30][%mdl 8192] [#]} (17. fxe4 $11 Nxe3 18. Qxe3) ({Predecessor:} 17. fxe4 Nxe3 18. Qxe3 Qh4+ 19. Ke2 Qh5+ 20. Kf2 Ke8 21. Bxe6 Qxh1 22. Rxh1 Rxh1 23. Qg3 {1-0 (31) Gagunashvili,M (2580)-Arlandi,E (2456) Istanbul 2003 CBM 096 [Ftacnik,L]}) 17... e3 $1 $19 18. Qg2 Be7 19. f4 {[%emt 0:02:30] [#]} Bxg5 $2 (19... Nxf4 $1 $19 20. Bxf4 {[#]} Qxd4 $1) 20. fxg5 $11 {[%emt 0:00:30] [#] Strongly threatening 0-0-0.} Nf4 $1 21. O-O $36 {[%emt 0:09:30][%mdl 2048] White fights for an advantage. The position is equal.} Neg6 22. Bxe6+ (22. Qxa8 $2 {perishes.} Rxh3 23. Rxf4+ Nxf4 $19) 22... Bxe6 23. Nxe6 Kxe6 24. Rxf4 {[%emt 0:03:14][%mdl 64] Decoy. The board is on fire.} Nxf4 25. Qe4+ Kf7 26. Qxf4+ Kg6 (26... Kg8 $5 27. Qc4+ Kh7 28. Qh4+ Kg8 29. Qc4+ Kh7 30. Qh4+ Kg8 31. Qc4+ $11) 27. Qe4+ Kh5 28. Qf3+ Kxg5 29. Qxe3+ Kh5 {[%emt 0:00:19] aiming for ...Qh4.} (29... Kg6 $5 30. Qe4+ Kh6 31. Qh1+ Kg6 32. Qe4+ Kh6 33. Qh1+ Kg6 34. Qe4+ $11) 30. Qf3+ Kh6 (30... Kg6 $5 31. Qe4+ Kh5 32. Qf3+ Kg6 33. Qe4+ Kh5 34. Qf3+ $11) 31. Qh1+ Kg5 {[%emt 0:00:28] ( -> ...Qd4+)} (31... Kg6 $5 32. Qe4+ Kh6 33. Qh1+ Kg6 34. Qe4+ Kh6 35. Qh1+ $11) 32. Qg2+ Kh6 {[%emt 0:00:52] ...Qd4+ is the strong threat.} (32... Kh5 $5 33. Qf3+ Kg6 34. Qe4+ Kh6 35. Qh1+ Kg6 36. Qe4+ Kh6 37. Qh1+ $11) 33. Qh1+ Kg5 {[%emt 0:00:12] Weighted Error Value: White=0.28 (precise) /Black=0.16 (very precise)} (33... Kg6 $5 34. Qe4+ Kh6 35. Qh1+ $11) 1/2-1/2

[Event "FIDE WSTC-50-65 2022"]
[Site "Acqui Terme"]
[Date "2022.06.26"]
[Round "6.8"]
[White "Ehlvest, Jaan"]
[Black "Thorhallsson, Throstur"]
[Result "1-0"]
[ECO "B84"]
[WhiteElo "2517"]
[BlackElo "2410"]
[Annotator "TA"]
[PlyCount "57"]
[EventDate "2022.06.20"]
[EventType "team-tourn"]
[EventCountry "ITA"]
[SourceTitle "playchess.com"]
[Source "ChessBase"]
[SourceQuality "1"]
[TimeControl "40/5400+30:1800+30"]

1. e4 c5 2. Nf3 d6 3. d4 cxd4 4. Nxd4 Nf6 5. Nc3 Nc6 6. Be2 e6 7. Be3 Be7 8. f4 a6 9. Qd2 {[%emt 0:03:30] 9.g4 is a critical line.} Qc7 10. O-O-O O-O 11. g4 {[%emt 0:02:30] B84: Sicilian Scheveningen: 6 Be2 a6, lines without early Be3.} d5 12. exd5 $1 Nxd5 13. Nxd5 {[%emt 0:00:30] White is better.} exd5 14. Kb1 Bd7 15. Bf3 Rad8 16. h4 Rfe8 17. h5 {[%emt 0:01:30] [#]} Bc8 $146 (17... Bc5 $142) ({Predecessor:} 17... Na5 18. b3 Ba3 19. Rhe1 Rc8 20. h6 gxh6 21. Bxd5 Bxg4 22. Rg1 h5 23. Nf5 Kf8 {½-½ (46) Areshchenko,A (2678)-Oleksienko,M (2615) Rivne 2016}) 18. h6 $16 {[%emt 0:09:30] Hoping for hxg7.} g6 19. Nxc6 bxc6 {[%emt 0:05:30] [#]} 20. Qc3 $1 Bf8 {[%emt 0:02:30] [#] Against Qg7+} 21. f5 $1 $36 {[%emt 0:00:30][%mdl 2048] Black is under strong pressure. White is more active.} ({Don't play} 21. Bc5 $6 Qxf4 22. Bxf8 d4 23. Qxc6 Kxf8 $11) 21... Qd6 (21... Qe5 $16 22. Bd4 Qd6) 22. Bg5 $18 d4 23. Qxc6 Rd7 $2 (23... Qxc6 24. Bxc6 Bd7) 24. Rhe1 {[%emt 0:03:57] White is clearly winning.} Rxe1 25. Rxe1 {[%emt 0:00:18] And now Re8 would win.} Qxc6 26. Bxc6 {[%emt 0:00:13] aiming for Re8.} Rd6 {[%emt 0:00:32] [#]} 27. Re8 $1 {[%emt 0:05:28][%cal Og5e7] Intending Be7! and mate.} f6 {[%emt 0:00:29] [#]} (27... gxf5 28. Be7) 28. Ba4 $1 {[%emt 0:01:27] Threatening mate with Bb3+.} Bb7 (28... Kf7 29. Bf4) 29. Bf4 {[%emt 0:00:47] Weighted Error Value: White=0.04 (flawless) /Black=0.46} 1-0

[Event "FIDE WSTC-50-65 2022"]
[Site "Acqui Terme"]
[Date "2022.06.26"]
[Round "6.9"]
[White "Lederman, Leon"]
[Black "Nunn, John D M"]
[Result "0-1"]
[ECO "B93"]
[WhiteElo "2205"]
[BlackElo "2568"]
[Annotator "TA"]
[PlyCount "98"]
[EventDate "2022.06.20"]
[EventType "team-tourn"]
[EventCountry "ITA"]
[SourceTitle "playchess.com"]
[Source "ChessBase"]
[SourceQuality "1"]
[TimeControl "40/5400+30:1800+30"]

1. e4 c5 2. Nf3 d6 3. d4 Nf6 4. Nc3 cxd4 5. Nxd4 a6 6. f4 Nbd7 7. Bd3 g6 8. a4 Bg7 9. Nf3 O-O 10. O-O Nc5 11. Qe1 {[%emt 0:00:30] B93: Sicilian Najdorf: 6 f4.} Bg4 {[%emt 0:01:30] [#]} 12. Qh4 $146 (12. Be3 $11) ({Predecessor:} 12. Be3 Bxf3 13. Rxf3 Rc8 14. h3 Qb6 15. Rb1 Nfd7 16. Nd5 Qd8 17. Qb4 e6 18. Nc3 Qb6 {0-1 (63) Blair,M (1921)-Broniek,M (2293) LSS email 2014}) 12... Bxf3 $15 13. Rxf3 {[%emt 0:00:30] Black is slightly better.} e6 14. f5 Nfd7 15. Qf4 (15. Qxd8 $15 Rfxd8 16. Bg5) 15... Ne5 $17 16. Rh3 Nexd3 17. cxd3 Nb3 18. Rb1 Nxc1 ({Black should try} 18... d5 $1 $17 {And now ...Rc8 would win.} 19. exd5 Nxc1 20. fxe6 (20. Rxc1 Qb6+ 21. Kh1 exf5 $17) 20... fxe6 $1 21. Qxc1 exd5) 19. Qxc1 Qb6+ 20. Kh1 Rac8 $2 (20... Rfc8 $15 {stays ahead.}) 21. Qe1 $2 ({White must play} 21. f6 $1 $18 h5 22. fxg7 Kxg7 23. Rf3) 21... Rfe8 (21... gxf5 22. exf5 Qd4 23. fxe6 $14) 22. Qh4 $2 (22. Qf1 $17) 22... h6 (22... gxf5 23. exf5 exf5 24. Qxh7+ Kf8 25. Rf1 Qxb2 26. Qxf5 $1 $16) (22... Rxc3 $19 23. f6 Bxf6 24. Qxf6 Qxb2 $1) 23. fxg6 fxg6 {[%emt 0:00:30][%cal Bf7g6,Bg6g5,Bg5h4][%mdl 32] Hoping for ...Rxc3.} 24. Ne2 Rc2 25. Qg4 Qf2 (25... g5 26. b3 $15) 26. Ng1 (26. Qxg6 $2 Rxe2 $1 27. Qg3 (27. Qxe8+ $2 Kh7 $19) 27... Rf8 28. Qxf2 Rfxf2 $19) 26... g5 $40 {[%emt 0:08:30][%mdl 128] White is in trouble. Black is much more active.} 27. Rf3 {[%emt 0:03:30] [#]} Qh4 28. Qxh4 gxh4 29. b3 Rec8 30. Rff1 {[%emt 0:03:30] Against Rc1} Rd2 31. Nf3 Rxd3 32. Nxh4 Rcc3 ({Better is} 32... Re3 33. Rbe1 Rcc3) 33. Ng6 Rd4 34. Rfe1 (34. g3 $17) 34... Rb4 35. Rbd1 Rcxb3 (35... Rbxb3 36. Rxd6 Re3 37. Rc1 $17) 36. Nf4 (36. Rxd6 Kf7 37. Nf4 Be5 $19) (36. a5 {was called for.}) 36... Bc3 $19 ({Inferior is} 36... Rxa4 37. Nxe6 Be5 38. Rf1) 37. Rf1 Rxe4 38. Rf3 Ra3 ({Don't blunder} 38... Rxa4 $2 39. g3 $19) 39. g3 Bb2 ({And not} 39... Rexa4 40. Rxd6 Be5 41. Rd8+ Kf7 42. Rd7+ Ke8 43. Rxa3 Rxa3 44. Rxb7 $17) (39... Bb4 $19 {has better winning chances.} 40. Rxa3 Bxa3) 40. Rf2 (40. Kg2 $17) 40... Ra1 41. Rxa1 Bxa1 {[%emt 0:00:40][%mdl 4096] Endgame KRB-KRN} 42. Rc2 (42. Ra2 $142 Bc3 43. Kg2) 42... e5 {[%emt 0:03:30] Black is clearly winning.} 43. Ne6 Kf7 44. Nd8+ Ke7 45. Nxb7 Kd7 {[%emt 0:00:00] Prevents Rc7+.} 46. Na5 Rxa4 47. Nc6 a5 48. Kg2 Ra3 49. g4 Rc3 {[%emt 0:01:30] Weighted Error Value: White=0.49/Black=0.32} 0-1

[Event "FIDE WSTC-50-65 2022"]
[Site "Acqui Terme"]
[Date "2022.06.26"]
[Round "6.10"]
[White "Littlewood, Paul E"]
[Black "Peretz, Malkiel"]
[Result "1-0"]
[ECO "B30"]
[WhiteElo "2347"]
[BlackElo "2139"]
[Annotator "TA"]
[PlyCount "43"]
[EventDate "2022.06.20"]
[EventType "team-tourn"]
[EventCountry "ITA"]
[SourceTitle "playchess.com"]
[Source "ChessBase"]
[SourceQuality "1"]
[TimeControl "40/5400+30:1800+30"]

1. e4 c5 2. Nf3 Nf6 3. Nc3 Nc6 4. Bb5 Nd4 5. e5 Nxb5 6. Nxb5 Nd5 7. O-O a6 {[%emt 0:06:30] B30: Sicilian: 2...Nc6 3 Bb5, lines without ...g6.} 8. Nc3 e6 (8... Nxc3 $11 {remains equal.} 9. dxc3 d5) 9. Nxd5 $16 exd5 {[%emt 0:00:30] White is slightly better.} 10. d4 d6 {[%emt 0:03:30] [#]} (10... c4 $14 {deserves consideration.}) 11. Bg5 $146 ({Predecessor:} 11. Re1 Be7 12. exd6 Qxd6 13. dxc5 Qxc5 14. Be3 Qd6 15. Qd2 O-O 16. Rad1 Bg4 17. Qxd5 Qxd5 18. Rxd5 {0-1 (64) Winterberg,L (1820)-Sergin,M (2102) Playchess.com INT 2011}) 11... Qb6 (11... Be7 $16) 12. dxc5 $2 (12. Re1 $18) 12... Qxc5 {[%emt 0:03:30][%mdl 8192] [#]} (12... dxc5 $14 13. Qxd5 h6) 13. Re1 $1 $18 {[%emt 0:04:30] Hoping for b4.} Be6 {[%emt 0:07:30] [#]} 14. Nd4 $1 Kd7 15. b4 Qc4 (15... Qc7 16. Rc1 b5) 16. Nxe6 fxe6 17. Qf3 dxe5 (17... Kc8 $142 18. Qf7 Qc6 19. Qxe6+ Kb8) 18. Rxe5 {[%emt 0:04:30] And now Qf7+ would win.} Bd6 19. Qf7+ Kc6 20. Rxe6 Rhf8 {[%emt 0:00:56] [#]} 21. Rxd6+ $1 Kxd6 22. Be7+ {Black did not feel at home in the position after the opening.  Weighted Error Value: White=0.48/Black=1.54} 1-0

[Event "FIDE WSTC-50-65 2022"]
[Site "Acqui Terme"]
[Date "2022.06.26"]
[Round "6.11"]
[White "Gal, Moshe"]
[Black "Stebbings, Anthony J"]
[Result "1/2-1/2"]
[ECO "E00"]
[WhiteElo "2110"]
[BlackElo "2297"]
[Annotator "TA"]
[PlyCount "36"]
[EventDate "2022.06.20"]
[EventType "team-tourn"]
[EventCountry "ITA"]
[SourceTitle "playchess.com"]
[Source "ChessBase"]
[SourceQuality "1"]
[TimeControl "40/5400+30:1800+30"]

1. d4 Nf6 2. c4 e6 3. g3 Bb4+ 4. Nd2 c5 5. a3 Bxd2+ 6. Qxd2 cxd4 7. Nf3 b6 8. Bg2 Bb7 9. O-O Bxf3 10. exf3 {[%emt 0:03:30] E00: Catalan Bogo-Indian (3 g3 Bb4+).} Nc6 11. f4 Rc8 12. b4 {[%emt 0:10:30] Against Na5. The position is equal.} O-O 13. Bb2 d6 14. Bxd4 Nxd4 15. Qxd4 Qc7 {[%emt 0:01:30] [#]} 16. Rfd1 $146 ({Predecessor:} 16. Rfc1 Rfd8 17. Qe3 Qd7 18. Qd4 Qc7 19. Qe3 Qd7 20. Qd4 {½-½ (20) Volkov,S (2615)-Tomashevsky,E (2707) Taganrog 2011}) 16... Rfd8 17. Rac1 a5 18. Qe3 axb4 {[%emt 0:01:30] Weighted Error Value: White=0.03 (flawless) /Black=0.07 (flawless)} 1/2-1/2

[Event "FIDE WSTC-50-65 2022"]
[Site "Acqui Terme"]
[Date "2022.06.26"]
[Round "6.12"]
[White "Snape, Ian L"]
[Black "Tsifanskaya, Ludmila A"]
[Result "1/2-1/2"]
[ECO "E94"]
[WhiteElo "2112"]
[BlackElo "1952"]
[Annotator "NA RC"]
[PlyCount "79"]
[EventDate "2022.06.20"]
[EventType "team-tourn"]
[EventCountry "ITA"]
[SourceTitle "playchess.com"]
[Source "ChessBase"]
[SourceQuality "1"]
[TimeControl "40/5400+30:1800+30"]

1. c4 Nf6 2. Nc3 g6 3. e4 d6 4. d4 Bg7 5. Nf3 O-O 6. Be2 Na6 7. O-O e5 8. Be3 c6 9. a3 Ng4 10. Bg5 f6 11. Bh4 Nh6 12. Qd2 Nf7 13. dxe5 dxe5 14. Rad1 Qxd2 15. Nxd2 Nc7 16. b4 Ne6 17. c5 Nd4 18. Bc4 Be6 19. Bxe6 Nxe6 20. Nb3 a5 21. bxa5 Nd4 22. Nxd4 exd4 23. Ne2 Rxa5 24. Nxd4 Re8 25. f3 Rxc5 26. Bf2 Rc4 27. Nb3 Rc3 28. Nc5 b5 29. a4 bxa4 30. Nxa4 Rc2 31. Rc1 Ra2 32. Nb6 Ne5 33. Rfd1 Bh6 34. Ra1 Rxa1 35. Rxa1 Rd8 36. Kf1 Bf8 37. Ke2 Nd3 38. Be3 Nc5 39. Rc1 Rb8 40. Nc4 1/2-1/2

[Event "FIDE WSTC-50-65 2022"]
[Site "Acqui Terme"]
[Date "2022.06.26"]
[Round "6.13"]
[White "Vaisser, Anatoly"]
[Black "Knaak, Rainer"]
[Result "1/2-1/2"]
[ECO "D32"]
[WhiteElo "2488"]
[BlackElo "2479"]
[Annotator "TA"]
[PlyCount "82"]
[EventDate "2022.06.20"]
[EventType "team-tourn"]
[EventCountry "ITA"]
[SourceTitle "playchess.com"]
[Source "ChessBase"]
[SourceQuality "1"]
[TimeControl "40/5400+30:1800+30"]

1. d4 d5 2. c4 e6 3. Nc3 a6 4. cxd5 exd5 5. Bf4 Nf6 6. e3 c5 7. dxc5 Bxc5 8. Nf3 Nc6 9. Be2 {[%emt 0:03:00] D32: Tarrasch Defence: Sidelines and lines without g3.} O-O 10. O-O Be6 11. Ne5 Bd6 12. Nxc6 bxc6 13. Bxd6 Qxd6 14. Na4 c5 15. Rc1 Rfc8 {[%emt 0:20:30] [#]} 16. Qd3 $146 ({Predecessor:} 16. Qd2 Rab8 17. b3 Rc6 18. Rfd1 Qc7 19. h3 h6 20. Bf3 a5 21. Nc3 Rd8 22. e4 {1-0 (48) Nakamura,H (2736)-Le,Q (2709) chess24.com INT 2021}) 16... Rc6 17. Rfd1 Rac8 18. h3 Nd7 (18... h6 $11) 19. Nc3 $14 Nf6 20. Bf3 Qb8 (20... Rd8 $14) 21. Nxd5 Nxd5 22. Bxd5 Rd6 23. Qc4 {[%emt 0:08:30] And now Bxe6 would win. White is more active.} Rcd8 24. e4 Qxb2 25. Qxc5 g6 26. Rc2 Qe5 27. Rcd2 Kg7 28. Qe3 Bxd5 29. f4 ({But not} 29. Rxd5 Rxd5 30. exd5 Rxd5 31. Rxd5 Qxd5 $11) (29. Qd4 $14 Qxd4 30. Rxd4) 29... Qe6 $11 {[%emt 0:01:25] White must now prevent ...Bc6. The position is equal.} 30. Qd4+ {[%emt 0:00:33][%mdl 64] [#] Pin} Kg8 31. f5 gxf5 32. exd5 Rxd5 33. Qxd5 Rxd5 34. Rxd5 {[%emt 0:00:09][%mdl 4096] Endgame KQ-KRR} f4 35. R5d2 f3 36. Rf1 Qe3+ 37. Rdf2 fxg2 38. Kxg2 Qe4+ 39. Rf3 Kg7 40. Kh2 Qe5+ 41. Kh1 Qd5 {Weighted Error Value: White=0.06 (flawless) /Black=0.08 (flawless)} 1/2-1/2

[Event "FIDE WSTC-50-65 2022"]
[Site "Acqui Terme"]
[Date "2022.06.26"]
[Round "6.14"]
[White "Chevelevitch, Evgueni"]
[Black "Roos, Louis"]
[Result "1-0"]
[ECO "B85"]
[WhiteElo "2369"]
[BlackElo "2286"]
[Annotator "TA"]
[PlyCount "77"]
[EventDate "2022.06.20"]
[EventType "team-tourn"]
[EventCountry "ITA"]
[SourceTitle "playchess.com"]
[Source "ChessBase"]
[SourceQuality "1"]
[TimeControl "40/5400+30:1800+30"]

1. e4 c5 2. Nf3 e6 3. d4 cxd4 4. Nxd4 Nf6 5. Nc3 d6 6. Be2 Be7 7. O-O a6 8. f4 Qc7 9. Kh1 Nc6 10. a4 Bd7 11. Nb3 O-O 12. Be3 Rac8 13. a5 Nb4 {[%emt 0:02:30] B85: Sicilian Scheveningen: 6 Be2 a6, lines with early Be3.} 14. Bb6 Qb8 15. Bf3 e5 {[%emt 0:04:30] The position is equal.} 16. Be3 Rfe8 17. Qd2 {[%emt 0:03:30] [#]} Be6 $146 ({Predecessor:} 17... Bf8 18. Rad1 Ng4 19. Bxg4 Bxg4 20. Rc1 Be6 21. Nd5 Nxd5 22. exd5 Bd7 23. c4 exf4 24. Bxf4 {½-½ (53) Moreno Tejera,E (2386)-Granda Zuniga,J (2641) Navalmoral 2012}) 18. Ra4 d5 (18... Bc4 $11 {keeps the balance.} 19. Rd1 Bxb3 20. Rxb4 (20. cxb3 exf4 21. Bxf4 Nc6 $14) 20... Bc4) 19. exd5 $16 Bd7 20. fxe5 Qxe5 21. Bf4 Qf5 22. Nd4 $36 {[%emt 0:00:30][%mdl 2048] White has the initiative.} Qg6 23. d6 Bxa4 24. Nxa4 Nxc2 25. dxe7 $18 {[%emt 0:08:30] Strongly threatening Nb6.} Nxd4 26. Qxd4 Rxe7 27. Nc3 (27. Nc5 $142) 27... Rce8 28. h3 h6 29. Kh2 Qf5 30. b4 ({White should play} 30. Qb4 $18) 30... Rd7 {[%emt 0:01:51] [#]} (30... h5 $16 31. Rd1 Rd7) 31. Qc4 $1 Nh5 $2 (31... Qd3 32. Qxd3 Rxd3) 32. Bd5 $2 (32. Bg4 $18 {is the precise move to win.} Qd3 33. Qxd3 Rxd3 34. Bxh5) 32... Nf6 {[%emt 0:00:31] [#]} (32... Qg6 $16 33. Kh1 Nxf4 34. Qxf4 Ree7) 33. Bg3 $1 {[%emt 0:02:56] This bishop pair is nice.} Qg6 (33... Qg5 34. Bf3) 34. Rf4 $2 (34. Bf3 $18) 34... Nxd5 $11 35. Nxd5 Qg5 {[%emt 0:00:37][%mdl 8192] [#] Prevents Nf6+.} (35... Qe6 $1 $11 {and Black has nothing to worry.} 36. Nb6 Qxc4 37. Nxc4 (37. Rxc4 Rd2 $11) 37... Re2) 36. Nf6+ $1 $18 {[%emt 0:01:01][%mdl 512] White is clearly winning.} gxf6 37. Rg4 {[%emt 0:00:04] Hoping for h4.} Rde7 (37... Kh8 $142 38. Rxg5 hxg5) 38. Bh4 {[%emt 0:01:08][%mdl 64] Pin} Re4 39. Rxe4 {Weighted Error Value: White=0.51/Black=0.78} ({Inferior is} 39. Rxg5+ hxg5 40. Qf1 gxh4 41. Qxf6 R8e5 $11) 1-0

[Event "FIDE WSTC-50-65 2022"]
[Site "Acqui Terme"]
[Date "2022.06.26"]
[Round "6.15"]
[White "Giffard, Nicolas"]
[Black "Kiefer, Gerhard"]
[Result "1/2-1/2"]
[ECO "E66"]
[WhiteElo "2236"]
[BlackElo "2224"]
[Annotator "RC"]
[PlyCount "56"]
[EventDate "2022.06.20"]
[EventType "team-tourn"]
[EventCountry "ITA"]
[SourceTitle "playchess.com"]
[Source "ChessBase"]
[SourceQuality "1"]
[TimeControl "40/5400+30:1800+30"]

1. Nf3 Nf6 2. c4 g6 3. Nc3 Bg7 4. g3 O-O 5. Bg2 d6 6. O-O c5 7. d4 Nc6 8. d5 Na5 9. Nd2 a6 10. Qc2 Rb8 11. b3 b5 12. Rb1 bxc4 13. bxc4 Rxb1 14. Ncxb1 e5 15. Bb2 Bd7 16. Bc3 Qc7 17. Qb2 Ra8 18. Na3 Rb8 19. Qa1 Nh5 20. Ne4 Nb7 21. Rb1 f5 22. Nd2 Nd8 23. Rxb8 Qxb8 24. Qb1 Qxb1+ 25. Naxb1 e4 26. Bxg7 Kxg7 27. f3 exf3 28. exf3 Ba4 1/2-1/2